 Dungeon Crawl Stone Soup version 0.18.1-47-g9310371 (console) character file.

116704 Kloppie the Warrior (level 16, -59/151 (152) HPs)
             Began as a Mottled Draconian Berserker on June 21, 2016.
             Was an Elder of Trog.
             Annihilated by a very large slime creature (61 damage)
             ... on level 3 of the Swamp.
             The game lasted 00:55:34 (31235 turns).

Kloppie the Warrior (Mottled Draconian Berserker)  Turns: 31235, Time: 00:55:34

HP:   -59/151 (152) AC: 17    Str: 20    XL:     16   Next: 21%
MP:   16/16         EV: 22    Int:  8    God:    Trog [****..]
Gold: 2606          SH: 14    Dex: 17    Spells: 0 memorised, 15 levels left

rFire  . . .     SeeInvis .     K - +3 morningstar (flame)
rCold  . . .     Gourm    .     (armour unavailable)
rNeg   . . .     Faith    .     C - +2 buckler {rPois}
rPois  +         Spirit   .     o - +2 hat
rElec  .         Dismiss  .     (no cloak)
rCorr  .         Reflect  +     g - +0 pair of gloves
SustAt .         Harm     .     d - +1 pair of boots
MR     +++..                    u - +4 amulet of reflection
Stlth  ++........               H - +3 ring of protection
                                B - ring of poison resistance

@: lethally poisoned (-59 -> -59), exhausted, about to teleport, very slightly
contaminated, regenerating, slowed, studying Maces & Flails, invisible, very
slow, extremely resistant to hostile enchantments, unstealthy
A: breathe sticky flame splash, unfitting armour, cold-blooded, AC +9
a: Breathe Sticky Flame, Berserk, Trog's Hand, Brothers in Arms, Burn
Spellbooks, Renounce Religion


You were on level 3 of the Swamp.
You worshipped Trog.
Trog was greatly pleased with you.
You were hungry.

You visited 4 branches of the dungeon, and saw 25 of its levels.
You also visited: Volcano.

You collected 3473 gold pieces.
You spent 867 gold pieces at shops.

Inventory:

Hand Weapons
 a - a +3 demon whip of electrocution
 m - a +1 morningstar
 K - a +3 morningstar of flaming (weapon)
Armour
 d - a +1 pair of boots (worn)
 g - a +0 pair of gloves (worn)
 l - a +0 shield
 o - a +2 hat (worn)
 C - a +2 buckler of poison resistance (worn)
Jewellery
 t - an uncursed ring of protection from fire
 u - a +4 amulet of reflection (around neck)
 B - a ring of poison resistance (left hand)
 G - a +2 ring of evasion
 H - a +3 ring of protection (right hand)
 I - an uncursed ring of see invisible
 M - an uncursed ring of flight
Wands
 v - a wand of teleportation (8/9)
 w - a wand of polymorph (17/24)
 F - a wand of teleportation (5/9)
Scrolls
 j - 7 scrolls of remove curse
 y - 5 scrolls of teleportation
 z - 3 scrolls of magic mapping
 A - 3 scrolls of enchant weapon
 J - 2 scrolls of enchant armour
Potions
 c - 6 potions of curing
 e - a potion of resistance
 h - a potion of magic
 n - 4 potions of cure mutation
 p - 4 potions of might
 q - a potion of invisibility
 O - 2 potions of haste
 Q - a potion of ambrosia
Books
 D - a manual of Maces & Flails
Comestibles
 b - 10 bread rations
 i - 4 slices of pizza
 k - 6 beef jerkies
 r - 12 meat rations
 x - 2 fruits


   Skills:
 - Level 16.6 Fighting
 + Level 15.7 Maces & Flails
 - Level 13.1 Dodging
 + Level 13.7 Shields


You had 15 spell levels left.
You didn't know any spells.

Dungeon Overview and Level Annotations

Branches:
Dungeon (12/15)            Temple (0/1) D:5            Lair (8/8) D:8
  Swamp (3/4) Lair:5       Spider (0/4) Lair:5        Slime (0/6) Lair:8
    Orc (2/2) D:9             Elf (0/3) Orc:2

Altars:
Cheibriados
Fedhas
Kikubaaqudgha
Makhleb
Pakellas
Ru
Trog
Jiyva

Shops:
D:10 *   Orc:2 ?[:[


Innate Abilities, Weirdness & Mutations

You can spit globs of burning liquid.
You can ignite nearby creatures when you spit burning liquid.
Your weird mottled scales are hard (AC +9).
Your body does not fit into most forms of armour.
You are cold-blooded and may be slowed by cold attacks.


Message History

The slime creature misses you.
The spriggan druid is engulfed in noxious fumes.
The spriggan druid appears confused.
The alligator is engulfed in noxious fumes.
The very large slime creature misses you.
The death drake completely misses you.
You are feeling hungry.
You are hit by a branch!
* * * LOW HITPOINT WARNING * * *
The swamp worm seems less confused.
The swamp worm is engulfed in noxious fumes. x2
The swamp worm appears confused.
The swamp worm bites the very large slime creature!
The slime creature misses you. The death drake closely misses you.
The spriggan druid is engulfed in noxious fumes.
The spriggan druid appears confused.
The spriggan druid hits the giant leech with a quarterstaff.
The slime creature hits you but does no damage.
The very large slime creature hits you!!!
You die...

♣. ♣♣ ♣♣.≈ .♣♣
♣♣≈.≈ ♣♣≈≈♣♣
♣..≈.♣♣♣♣...≈♣
♣♣.≈♣≈♣.♣≈i≈.♣
..i≈≈≈≈.w≈§≈♣
≈≈≈≈..†JwikJ♣
≈≈≈≈.≈§§kJ@♣
≈.≈.♣♣§tw♣J≈≈.♣ ♣
♣≈§≈♣♣♣♣≈♣♣
##♣≈≈#######
#≈≈##≈#≈#≈#
#+#+##†≈##'#≈#≈##
....≈≈≈≈.≈≈≈≈≈≈§.#
.....≈≈≈≈≈≈≈≈≈≈..#
≈#+#≈##≈≈##+#≈§.##


You could see a death drake, an alligator (confused), a giant leech, a very
large slime creature, a large slime creature (wandering), 2 slime creatures, a
spriggan druid (confused), 2 swamp worms, a swamp drake and a spriggan.

Vanquished Creatures
  Gastronok (Lair:2)
  A stone giant (Orc:1)
  Nessos (D:12)
  A dire elephant (Lair:6)
  Erolcha (Orc:1)
  Josephine (Orc:2)
  Fannar (Orc:1)
  2 catoblepae
  11 hydras
  4 death yaks (Lair:8)
  5 alligators
  5 orc high priests (Orc:2)
  The ghost of kohrah the Jinx, a journeyman SpAM of Okawaru (Lair:1)
  Nergalle (Orc:1)
  The ghost of vandaahl the Geomancer, a novice GrEE of Vehumet (Lair:1)
  2 unseen horrors
  A shambling mangrove (Swamp:2)
  3 swamp dragons (Swamp:3)
  Pikel (D:7)
  2 hill giants
  3 spectral hydras (Swamp:3)
  A necromancer (Swamp:3)
  7 orc knights
  A hornet (Swamp:1)
  A wolf spider (Lair:5)
  An ugly thing (D:12)
  4 griffons
  2 cyclopes
  13 slime creatures
  3 toenail golems (Volcano)
  8 black mambas
  9 elephants
  A torpor snail (Lair:7)
  Psyche (D:11)
  2 rime drakes
  4 swamp worm zombies (Swamp:3)
  9 komodo dragons
  21 spiny frogs
  A freezing wraith (Swamp:3)
  3 polar bears (Lair:8)
  A two-headed ogre (D:8)
  5 trolls
  Prince Ribbit (D:7)
  2 giant leeches
  30 blink frogs
  10 bog bodies
  3 spectral swamp dragons (Swamp:3)
  3 alligator zombies (Swamp:3)
  2 boulder beetles
  13 spriggans
  80 yaks
  7 wraiths
  7 redbacks (Lair:8)
  2 giant leech zombies (Swamp:3)
  2 wyverns
  6 humans (Volcano)
  5 basilisks
  9 hippogriffs
  3 hungry ghosts
  14 swamp worms
  6 vampire mosquitoes
  3 insubstantial wisps (Swamp:1)
  2 spiny frog zombies (Swamp:3)
  A warg (Orc:1)
  10 water moccasins
  2 soldier ants (D:9)
  10 porcupines
  3 sky beasts
  30 orc warriors
  12 black bears
  6 swamp drakes
  3 slaves
  6 necrophages (Swamp:1)
  8 wasps
  An ice beast (D:11)
  32 wolves
  15 ogres
  7 phantoms
  8 centaurs
  19 crocodiles
  A big kobold (D:11)
  16 giant frogs
  The ghost of GordonOverkill the Caller, an amateur VSSu (D:3)
  A gnoll sergeant (D:9)
  A wyvern zombie (D:11)
  A water moccasin zombie (D:8)
  8 scorpions
  3 spriggan zombies (Swamp:3)
  4 killer bees (D:10)
  7 troll zombies
  6 electric eels
  A howler monkey (D:12)
  6 crimson imps
  A giant frog zombie (D:5)
  2 centaur zombies
  4 hounds
  3 jellies
  2 centaur skeletons
  28 orc priests
  A giant frog skeleton (D:5)
  2 gnoll shamans
  26 orc wizards
  11 iguanas
  7 worker ants
  7 hell rats
  23 sheep
  4 ogre zombies (D:9)
  A hound zombie (D:8)
  A hound skeleton (D:7)
  Robin (D:3)
  13 adders
  22 gnolls
  36 river rats
  3 shadow imps
  An adder zombie (D:6)
  An adder skeleton (D:6)
  5 worms
  6 giant geckos
  73 orcs
  5 ball pythons
  5 giant cockroaches
  11 goblins
  7 hobgoblins
  18 jackals
  4 quokkas
  8 bats
  5 giant newts
  5 goblin zombies (D:9)
  A hobgoblin skeleton (D:9)
  A jackal zombie (D:6)
  14 kobolds
  2 orc skeletons (D:9)
  11 orc zombies (D:9)
  7 rats
974 creatures vanquished.

Vanquished Creatures (collateral kills)
  A hydra (Swamp:2)
  An orc knight (Orc:2)
  A spiny frog (Lair:4)
  2 spriggans
  A yak (Lair:4)
  8 orc warriors
  4 wasps
  2 orc wizards (Orc:1)
  6 orc priests
  A river rat (Lair:8)
  An adder (D:12)
  18 orcs
46 creatures vanquished.

Vanquished Creatures (others)
  A yak (Lair:6)
  A slave (D:7)
  A giant frog (Lair:6)
  2 orcs (Orc:1)
  69 fungi
  51 plants
125 creatures vanquished.

Grand Total: 1145 creatures vanquished

Notes
Turn   | Place    | Note
--------------------------------------------------------------
     0 | D:1      | Kloppie the Draconian Berserker began the quest for the Orb.
     0 | D:1      | Reached XP level 1. HP: 19/19 MP: 1/1
   211 | D:1      | Reached XP level 2. HP: 26/26 MP: 2/2
   392 | D:1      | Reached ** piety under Trog
   756 | D:1      | Reached XP level 3. HP: 30/31 MP: 3/3
  1419 | D:2      | Reached XP level 4. HP: 33/38 MP: 4/4
  1448 | D:2      | Reached skill level 5 in Maces & Flails
  2159 | D:3      | Noticed GordonOverkill's ghost (amateur VSSu)
  2177 | D:3      | Killed GordonOverkill's ghost
  2177 | D:3      | Reached XP level 5. HP: 45/45 MP: 5/5
  2277 | D:3      | Noticed Robin
  2303 | D:3      | Killed Robin
  2655 | D:3      | Found a snail-covered altar of Cheibriados.
  2667 | D:3      | Reached *** piety under Trog
  3486 | D:4      | Reached XP level 6. HP: 33/51 MP: 6/6
  4293 | D:5      | Entered Level 5 of the Dungeon
  4475 | D:5      | Your scales start taking on a weird mottled colour.
  4475 | D:5      | Reached XP level 7. HP: 57/57 MP: 7/7
  4544 | D:5      | Found a staircase to the Ecumenical Temple.
  5111 | D:6      | Found an oddly glowing altar of Pakellas.
  5257 | D:6      | Reached **** piety under Trog
  5257 | D:6      | Reached XP level 8. HP: 27/63 MP: 8/8
  5504 | D:6      | Reached skill level 10 in Maces & Flails
  6537 | D:7      | Noticed Pikel
  6778 | D:7      | Noticed Prince Ribbit
  6794 | D:7      | Killed Prince Ribbit
  6794 | D:7      | Reached XP level 9. HP: 56/70 MP: 9/9
  6849 | D:7      | Killed Pikel
  6849 | D:7      | Reached skill level 4 in Fighting
  7047 | D:7      | Received a gift from Trog
  7114 | D:7      | Reached skill level 5 in Fighting
  7204 | D:7      | Found a burning altar of Makhleb.
  7210 | D:7      | Found an ancient bone altar of Kikubaaqudgha.
  7442 | D:8      | Noticed a hill giant
  7450 | D:8      | Killed a hill giant
  7450 | D:8      | Reached skill level 6 in Fighting
  7450 | D:8      | Reached skill level 5 in Dodging
  7653 | D:8      | Reached skill level 7 in Fighting
  7653 | D:8      | Reached XP level 10. HP: 49/86 MP: 10/10
  7711 | D:8      | Reached skill level 8 in Fighting
  7797 | D:8      | Found a staircase to the Lair.
  7859 | D:8      | Reached ***** piety under Trog
  8057 | D:8      | Reached skill level 9 in Fighting
  8873 | Lair:1   | Entered Level 1 of the Lair of Beasts
  8895 | Lair:1   | Noticed a spiny frog
  8912 | Lair:1   | Killed a spiny frog
  9030 | Lair:1   | Noticed vandaahl's ghost (novice GrEE)
  9129 | Lair:1   | Noticed kohrah's ghost (journeyman SpAM)
  9152 | Lair:1   | Killed kohrah's ghost
  9212 | Lair:1   | Reached XP level 11. HP: 90/99 MP: 11/11
  9327 | Lair:1   | Reached skill level 10 in Fighting
  9331 | Lair:1   | Identified a scroll of acquirement
  9353 | Lair:1   | Killed vandaahl's ghost
  9452 | Lair:1   | Noticed an eight-headed hydra
  9462 | Lair:1   | Killed an eight-headed hydra
 10547 | Lair:2   | Reached skill level 11 in Fighting
 10960 | Lair:2   | Received a gift from Trog
 11010 | Lair:2   | Reached skill level 10 in Dodging
 11539 | Lair:2   | Reached skill level 12 in Fighting
 11587 | Lair:2   | Noticed Gastronok
 11605 | Lair:2   | Killed Gastronok
 11605 | Lair:2   | Reached XP level 12. HP: 113/113 MP: 12/12
 12031 | Lair:3   | Found a blossoming altar of Fedhas.
 12342 | Lair:3   | Received a gift from Trog
 12430 | Lair:3   | Reached skill level 13 in Fighting
 12552 | Lair:3   | Noticed an eight-headed hydra
 12561 | Lair:3   | Killed an eight-headed hydra
 12803 | Lair:3   | Noticed a seven-headed hydra
 12813 | Lair:3   | Killed a seven-headed hydra
 14200 | Lair:5   | Found a dark tunnel.
 14205 | Volcano  | Entered a volcano
 14324 | Volcano  | Reached XP level 13. HP: 113/123 MP: 13/13
 14512 | Lair:5   | Found a staircase to the Swamp.
 14547 | Lair:5   | Received a gift from Trog
 14726 | Lair:5   | Reached skill level 14 in Fighting
 14936 | Lair:5   | Found a hole to the Spider Nest.
 15663 | Lair:6   | Noticed a dire elephant
 15686 | Lair:6   | Killed a dire elephant
 16272 | Lair:6   | Received a gift from Trog
 17381 | Lair:7   | Reached skill level 15 in Fighting
 17618 | Lair:7   | Reached XP level 14. HP: 115/135 MP: 14/14
 17628 | Lair:7   | Reached skill level 1 in Shields
 17912 | Lair:8   | Entered Level 8 of the Lair of Beasts
 17942 | Lair:8   | Received a gift from Trog
 18083 | Lair:5   | Reached ****** piety under Trog
 18365 | D:9      | Found a staircase to the Orcish Mines.
 18805 | D:10     | Entered Level 10 of the Dungeon
 19045 | D:10     | Found Guresk's Assorted Antiques.
 19087 | D:10     | Bought a twisted emerald ring for 130 gold pieces
 19087 | D:10     | Bought 2 smoky brown potions for 46 gold pieces
 19087 | D:10     | Bought a scroll of brand weapon for 520 gold pieces
 19495 | D:11     | Received a gift from Trog
 19720 | D:11     | Noticed Psyche
 19729 | D:11     | Killed Psyche
 19786 | D:11     | Found a sacrificial altar of Ru.
 20086 | D:12     | Noticed Nessos
 20128 | D:12     | Reached skill level 5 in Shields
 20361 | D:12     | Killed Nessos
 20361 | D:12     | Reached skill level 16 in Fighting
 20682 | D:12     | Found a snail-covered altar of Cheibriados.
 21416 | Orc:1    | Entered Level 1 of the Orcish Mines
 21440 | Orc:1    | Noticed Fannar
 21480 | Orc:1    | Killed Fannar
 21534 | Orc:1    | Noticed a stone giant
 21549 | Orc:1    | Killed a stone giant
 21573 | Orc:1    | Noticed Nergalle
 21587 | Orc:1    | Killed Nergalle
 21850 | Orc:1    | Found a bloodstained altar of Trog.
 21870 | Orc:1    | Received a gift from Trog
 22122 | Orc:2    | Entered Level 2 of the Orcish Mines
 22298 | Orc:2    | Found a staircase to the Elven Halls.
 24059 | Orc:2    | HP: 2/137 [red devil/trident[an orc high priest] (11)]
 24064 | Orc:2    | HP: 3/205 [poisoned by an orange demon]
 24069 | Orc:2    | HP: 5/137 [poisoned by an orange demon]
 24607 | Orc:2    | Reached XP level 15. HP: 27/144 MP: 15/15
 24895 | Orc:2    | Found Aqueryn's Book Shoppe.
 24895 | Orc:2    | Found Cist's Antique Armour Shoppe.
 24896 | Orc:2    | Found Nuthutij's Magic Scroll Shoppe.
 24896 | Orc:2    | Found Viugi's Antique Armour Emporium.
 24904 | Orc:2    | Bought a scroll of torment for 135 gold pieces
 24904 | Orc:2    | Bought a scroll of identify for 36 gold pieces
 24985 | Orc:1    | Noticed Erolcha
 24993 | Orc:1    | Killed Erolcha
 24993 | Orc:1    | Reached skill level 10 in Shields
 25037 | Orc:1    | Noticed Josephine
 25054 | Orc:2    | Killed Josephine
 25930 | Lair:8   | Found a viscous altar of Jiyva.
 26417 | Lair:8   | Received a gift from Trog
 27157 | Lair:8   | Found a staircase to the Slime Pits.
 27177 | Lair:8   | Received a gift from Trog
 27666 | Swamp:1  | Entered Level 1 of the Swamp
 29999 | Swamp:3  | Reached skill level 15 in Maces & Flails
 30177 | Swamp:3  | Reached XP level 16. HP: 152/152 MP: 16/16
 31235 | Swamp:3  | HP: 2/151 [spriggan druid/angry trees (15)]
 31235 | Swamp:3  | Annihilated by a very large slime creature

Skill      XL: |  1  2  3  4  5  6  7  8  9 10 11 12 13 14 15 |
---------------+----------------------------------------------+-----
Maces & Flails | 4 5 6 8 9 12 13 14 15 | 15.7
Fighting       | 7 9 12 13 15 16 | 16.6
Dodging        | 5 8 10 11 13 | 13.1
Shields        | 9 13 | 13.7

Action                   |  1- 3 |  4- 6 |  7- 9 | 10-12 | 13-15 | 16-18 || total
-------------------------+-------+-------+-------+-------+-------+-------++-------
Melee: Mace              |   113 |   207 |   406 |   290 |       |       ||  1016
       Tailslap          |     9 |    27 |    63 |   134 |   384 |    50 ||   667
       Demon whip        |       |       |       |   496 |  1860 |       ||  2356
       Morningstar       |       |       |       |       |   304 |   262 ||   566
Invok: Berserk           |       |     3 |     1 |     5 |     8 |     2 ||    19
       Trog's Hand       |       |     3 |     6 |     5 |    25 |     4 ||    43
       Brothers in Arms  |       |       |       |       |    15 |       ||    15
 Abil: Breathe Sticky Fl |       |       |       |       |     3 |       ||     3
  Use: Scroll            |       |     9 |     5 |     9 |    16 |     1 ||    40
       Potion            |       |       |     1 |     1 |    11 |     2 ||    15
 Stab: Sleeping          |     1 |     3 |     2 |     5 |     6 |       ||    17
       Distracted        |       |       |       |     1 |     3 |       ||     4
       Confused          |       |       |       |       |       |     2 ||     2
  Eat: Chunk             |     2 |    11 |    12 |    17 |    54 |       ||    96
       Royal jelly       |       |     1 |       |       |     5 |     4 ||    10
       Meat ration       |       |       |       |     3 |       |       ||     3
Armor: Skin              |    49 |    77 |   125 |    98 |   416 |    73 ||   838
Dodge: Dodged            |    95 |   150 |   249 |   436 |  1581 |   266 ||  2777
Block: Shield            |       |       |       |       |   220 |       ||   220
       Buckler           |       |       |       |       |   121 |   220 ||   341
